 Dungeon Crawl Stone Soup version 0.22-a0-417-g1387785 (webtiles) character file.

80 galech the Fighter (level 4, -3/67 HPs)
             Began as a Gnoll Wanderer on May 14, 2018.
             Slain by a gnoll
             ... wielding a +0 whip
              (5 damage)
             ... on level 3 of the Dungeon.
             The game lasted 00:02:46 (1544 turns).

galech the Fighter (Gnoll Wanderer)                 Turns: 1544, Time: 00:02:47

Health: -3/67      AC: 22    Str: 16    XL:     4   Next: 39%
Magic:  6/6        EV:  2    Int: 14    God:
Gold:   28         SH:  0    Dex: 14    Spells: 5/5 levels left

rFire    . . .     SeeInvis +   j - +2 short sword (flame)
rCold    . . .     Gourm    .   (no shield)
rNeg     + + +     Faith    .   (armour currently unavailable)
rPois    +         Spirit   .   (helmet currently unavailable)
rElec    .         Reflect  .   (cloak currently unavailable)
rCorr    .         Harm     .   (gloves currently unavailable)
MR       .....     NoTele   +   (boots currently unavailable)
Stlth    ++........             (no amulet)
HPRegen  0.21/turn              h - ring of poison resistance
MPRegen  0.10/turn              i - ring of see invisible

@: tree-form
A: distributed training, strong nose
a: no special abilities


You were on level 3 of the Dungeon.
You were not hungry.
You were a tree.
You visited 1 branch of the dungeon, and saw 3 of its levels.

You collected 28 gold pieces.

Inventory:

Hand Weapons
 b - a +0 hand axe
 j - a +2 short sword of flaming (weapon)
Armour
 d - a +0 robe (melded)
Jewellery
 h - a ring of poison resistance (left branch)
 i - a ring of see invisible (right branch)
Scrolls
 e - 4 scrolls of identify {unknown}
 l - 2 scrolls of amnesia {unknown}
 m - a scroll of enchant armour {unknown}
Potions
 g - a potion of resistance {unknown}
 k - a potion of cancellation {unknown}
 n - a potion of degeneration {unknown}
 p - a potion of heal wounds {unknown}
Miscellaneous
 a - a fan of gales
Comestibles
 f - 6 rations


   Skills:
 + Level 8.5 Fighting
 + Level 1.1 Short Blades
 + Level 1.1 Long Blades
 + Level 2.7 Axes
 + Level 1.1 Maces & Flails
 + Level 1.1 Polearms
 + Level 1.1 Staves
 + Level 1.1 Slings
 + Level 1.1 Bows
 + Level 1.1 Crossbows
 + Level 2.7 Throwing
 + Level 6.6 Armour
 + Level 1.1 Dodging
 + Level 1.1 Stealth
 + Level 1.1 Shields
 + Level 1.1 Unarmed Combat
 + Level 1.1 Spellcasting
 + Level 0.8 Conjurations
 + Level 0.8 Hexes
 + Level 0.8 Charms
 + Level 0.8 Summonings
 + Level 0.8 Necromancy
 + Level 0.8 Translocations
 + Level 0.8 Transmutations
 + Level 0.8 Fire Magic
 + Level 0.8 Ice Magic
 + Level 0.8 Air Magic
 + Level 0.8 Earth Magic
 + Level 0.8 Poison Magic
 + Level 1.2 Invocations
 + Level 2.7 Evocations


You had 5 spell levels left.
You didn't know any spells.
Your spell library was empty.

Dungeon Overview and Level Annotations

Branches:
Dungeon (3/15)

Altars:
Sif Muna
Xom


Innate Abilities, Weirdness & Mutations

Your experience applies equally to all skills.
((You have very sharp teeth.))
Your uncanny sense of smell can sniff out nearby items.


Message History

The giant cockroach bites you but does no damage.
The gnoll hits you but does no damage. x2
You hit the giant cockroach. You burn the giant cockroach.
You kill the giant cockroach!
The orc moves out of view.
The gnoll hits you but does no damage. x3
An orc comes into view.
You cannot move.
You cannot move.
You hit the gnoll. You burn the gnoll.
The gnoll is heavily wounded.
The gnoll hits you with a flail.
* * * LOW HITPOINT WARNING * * *
The gnoll hits you but does no damage. x2; The orc moves out of view.
You barely miss the gnoll.
The gnoll is heavily wounded.
The gnoll hits you but does no damage. x3
You closely miss the gnoll.
The gnoll is heavily wounded.
The gnoll hits you but does no damage. x2; The gnoll hits you with a whip.
You die...

#.... ∆ #....
.#..#. ##.....
.....o#
.#.....
#...og##.#....
#...hhg. #...
#...bgg# ...
## #♣# #.#
#...#†###.####
#.......<.<.#
#........##.#
#.#...#.##
#...#......
..#.###.#.###
$.... .....
##.. .....#


You could see 4 gnolls, 2 orcs, 2 jackals and a bat.

Vanquished Creatures
  2 adders (D:2)
  2 oozes (D:2)
  2 worms (D:2)
  A dart slug (D:1)
  A leopard gecko (D:2)
  11 bats
  2 giant cockroaches
  5 goblins
  4 hobgoblins
  2 jackals (D:2)
  3 kobolds
  A ball python (D:2)
  3 frilled lizards (D:2)
  6 rats
  2 plants (D:2)
47 creatures vanquished.

Notes
Turn   | Place    | Note
-------+----------+-------------------------------------------
     0 | D:1      | galech the Gnoll Wanderer began the quest for the Orb.
     0 | D:1      | galech set off with: a fan of gales, a +0 hand axe, a potion of lignification, a +0 robe, a ration
     0 | D:1      | Reached XP level 1. HP: 26/26 MP: 2/2
    81 | D:1      | Reached XP level 2. HP: 31/33 MP: 3/3
   516 | D:1      | Reached XP level 3. HP: 36/38 MP: 4/4
   734 | D:2      | Reached skill level 1 in Invocations
   747 | D:2      | Found a deep blue altar of Sif Muna.
   823 | D:2      | Reached skill level 1 in Short Blades
   823 | D:2      | Reached skill level 1 in Long Blades
   823 | D:2      | Reached skill level 1 in Maces & Flails
   823 | D:2      | Reached skill level 1 in Polearms
   823 | D:2      | Reached skill level 1 in Staves
   823 | D:2      | Reached skill level 1 in Slings
   823 | D:2      | Reached skill level 1 in Bows
   823 | D:2      | Reached skill level 1 in Crossbows
   823 | D:2      | Reached skill level 1 in Dodging
   823 | D:2      | Reached skill level 1 in Stealth
   823 | D:2      | Reached skill level 1 in Shields
   823 | D:2      | Reached skill level 1 in Unarmed Combat
   823 | D:2      | Reached skill level 1 in Spellcasting
   845 | D:2      | Reached XP level 4. HP: 12/45 MP: 6/6
  1113 | D:2      | Found a shimmering altar of Xom.
  1539 | D:3      | HP: 1/45 [gnoll/whip (5)]
  1544 | D:3      | Slain by a gnoll

Vault maps used:
D:1:      giann_forest_graveyard
D:2:      nicolae_overflow_crystal_walls, led_sif_pool, serial_forest,
          infiniplex_forest_lined_2, infiniplex_forest_lined_2,
          infiniplex_forest_lined_2, infiniplex_forest_clump_diagonal,
          infiniplex_forest_straight_2, infiniplex_forest_zigzag_1,
          infiniplex_forest_lined_ring, hangedman_feature_mirror,
          minmay_bisected
D:3:      overflow_temple_1_default, chequers_ecumenical_altar_simple,
          first_ration, patterned_corridor

Skill      XL: |  1  2  3 |
---------------+----------+-----
Invocations    | 1 |  1.2
Short Blades   | 1 |  1.1
Long Blades    | 1 |  1.1
Maces & Flails | 1 |  1.1
Polearms       | 1 |  1.1
Staves         | 1 |  1.1
Slings         | 1 |  1.1
Bows           | 1 |  1.1
Crossbows      | 1 |  1.1
Dodging        | 1 |  1.1
Stealth        | 1 |  1.1
Shields        | 1 |  1.1
Unarmed Combat | 1 |  1.1
Spellcasting   | 1 |  1.1
Fighting       | |  8.5
Axes           | |  2.7
Throwing       | |  2.7
Armour         | |  6.6
Conjurations   | |  0.8
Hexes          | |  0.8
Charms         | |  0.8
Summonings     | |  0.8
Necromancy     | |  0.8
Translocations | |  0.8
Transmutations | |  0.8
Fire Magic     | |  0.8
Ice Magic      | |  0.8
Air Magic      | |  0.8
Earth Magic    | |  0.8
Poison Magic   | |  0.8
Evocations     | |  2.7

Action                   |  1- 3 |  4- 6 || total
-------------------------+-------+-------++-------
Melee: Hand axe          |    32 |       ||    32
       Bite              |     4 |    16 ||    20
       Short sword       |    47 |   107 ||   154
       Punch             |       |     1 ||     1
  Use: Potion            |       |     1 ||     1
 Stab: Sleeping          |     5 |       ||     5
  Eat: Chunk             |       |     2 ||     2
Armor: Robe              |    15 |    10 ||    25
       Skin              |       |    12 ||    12
Dodge: Dodged            |    46 |    34 ||    80

Table legend:
 A = Spawn XP
 B = Non-spawn XP
 C = Spawn XP percentage of total XP
 D = Spawn monster count
 E = Non-spawn monster count
 F = Spawn count percentage of total count
 G = Total turns spent on level
                    A         B        C        D         E        F      G
               +---------+---------+-------+---------+---------+-------+---------
         Total |       0 |     115 |   0.0 |       0 |      45 |   0.0 |  1544
               +---------+---------+-------+---------+---------+-------+---------
           D:1 |       0 |      35 |   0.0 |       0 |      20 |   0.0 |   656
           D:2 |       0 |      76 |   0.0 |       0 |      23 |   0.0 |   871
           D:3 |       0 |       4 |   0.0 |       0 |       2 |   0.0 |    17
               +---------+---------+-------+---------+---------+-------+---------
